 Dungeon Crawl Stone Soup version 0.26.1-11-gd32895ea62 (webtiles) character file.

Game seed: 14760316401910853188

7 Descartes the Insei (level 2, -3/14 HPs)
             Began as a Vine Stalker Transmuter on June 19, 2021.
             Slain by Sigmund
             ... wielding a +3 scythe of pain
              (6 damage)
             ... on level 2 of the Dungeon.
             The game lasted 00:02:38 (1473 turns).

Descartes the Insei (Vine Stalker Transmuter)       Turns: 1473, Time: 00:02:39

Health: -3/14      AC:  6    Str: 12    XL:     2   Next: 4%
Magic:  0/6        EV: 11    Int: 13    God:
Gold:   106        SH:  0    Dex: 14    Spells: 4/5 levels left

rFire    + . .     SeeInvis .     - Unarmed
rCold    x . .     Faith    .   (no shield)
rNeg     . . .     Spirit   +   i - +0 ring mail
rPois    .         Reflect  .   (no helmet)
rElec    .         Harm     .   e - +0 cloak (curse)
rCorr    .         Rampage  .   (no gloves)
Will     .....                  (no boots)
Stlth    +.........             (no amulet)
HPRegen  0.04/turn              j - ring of fire
MPRegen  0.10/turn              (no ring)

@: hasted, very quick
A: fangs 2, magic shield, antimagic bite, no potion heal 3
a: no special abilities


You were on level 2 of the Dungeon.
You visited 1 branch of the dungeon, and saw 2 of its levels.

You collected 106 gold pieces.

Inventory:

Missiles
 b - 7 poisoned darts
 g - 24 arrows
 h - 8 stones
Armour
 a - a +0 robe
 e - a cursed +0 cloak (worn)
 i - a +0 ring mail (worn)
Jewellery
 j - a ring of fire (left hand)
Scrolls
 f - a scroll of fear {unknown}


   Skills:
 + Level 1.0 Fighting
 + Level 1.7 Dodging
 + Level 0.4 Stealth
 + Level 3.1 Unarmed Combat
 + Level 2.3 Spellcasting
 + Level 2.1 Transmutations


You had 4 spell levels left.
You knew the following spells:

 Your Spells              Type           Power        Failure   Level
a - Beastly Appendage     Tmut           14%          24%         1

Your spell library contained the following spells:

 Spells                   Type           Power        Failure   Level
 Wereblood                Tmut           7%           34%         2
 Spider Form              Tmut/Pois      2%           73%         3
 Ice Form                 Ice/Tmut       4%           98%         4
 Blade Hands              Tmut           3%           100%        5


Dungeon Overview and Level Annotations

Branches:
Dungeon (2/15)

Altars:

Annotations:
D:2 Sigmund


Innate Abilities, Weirdness & Mutations

You have extremely sharp teeth.
When hurt, damage is shared between your health and your magic reserves.
Your bite disrupts and absorbs the magic of your enemies.
Potions cannot restore your health.


Message History

Sigmund is severely wounded.
You closely miss Sigmund.
Sigmund is severely wounded.
You completely miss Sigmund. You bite Sigmund.
Sigmund's magic leaks into the air.
You drain his magic.
You feel invigorated.
Sigmund is severely wounded.
Sigmund barely misses you.
You hit Sigmund.
Sigmund is almost dead.
You hit Sigmund. Your bite misses Sigmund.
Sigmund is almost dead.
Sigmund misses you.
You barely miss Sigmund. Your bite misses Sigmund.
Sigmund is almost dead.
You closely miss Sigmund. Your bite misses Sigmund.
Sigmund is almost dead.
You hit Sigmund but do no damage.
Sigmund is almost dead.
Sigmund hits you with a +3 scythe of pain!
You die...

#... #####..###
# .........#.#
#...<..#
#.##.#[# #.##.#
.. #.##.# ##
###@##.#.##
#.####..@.......
#...............
#####..#.####.##
#..#.# # #..#..
#..#### ... ##>.
#..


You could see Sigmund.

Vanquished Creatures
  A giant cockroach (D:1)
  2 hobgoblins (D:1)
  3 kobolds
  2 rats
8 creatures vanquished.

Notes
Turn   | Place    | Note
-------+----------+-------------------------------------------
     0 | D:1      | Descartes the Vine Stalker Transmuter began the quest for
                  | the Orb.
     0 | D:1      | Reached XP level 1. HP: 9/9 MP: 4/4
   510 | D:1      | Reached skill level 1 in Fighting
  1252 | D:2      | Noticed Sigmund
  1257 | D:2      | Reached XP level 2. HP: 10/14 MP: 4/6
  1473 | D:2      | Slain by Sigmund

Illustrated notes

Levels and vault maps discovered:
D:1:      dpeg_arrival_morbid_curiosity, layout_rooms, kennysheep_small_spiral,
          minmay_misc_feat_secret_circle
D:2:      layout_loops_ring, okawaru_gym_becter, grunt_decor_mini_mirrors,
          uniq_sigmund, uniq_terence

Skill      XL: |  1 |
---------------+----+-----
Fighting       | 1 |  1.0
Dodging        | |  1.7
Stealth        | |  0.4
Unarmed Combat | |  3.1
Spellcasting   | |  2.3
Transmutations | |  2.1

Action                   || total
-------------------------++-------
Melee: Unarmed           ||    52
       Bite              ||    10
  Use: Scroll            ||     1
       Potion            ||     1
 Stab: Sleeping          ||     1
Armor: Robe              ||     2
       Ring mail         ||     2
Dodge: Dodged            ||    25
